 Dungeon Crawl Stone Soup version 0.29-a0-308-g4e025c60ea (webtiles) character file.

Game seed: 16354610131367054580

1523 Colgate the Covert (level 8, 0/76 HPs)
             Began as a Naga Artificer on Mar 28, 2022.
             Was a Priest of Hepliaklqana.
             Killed from afar by a steam dragon (16 damage)
             ... with a ball of steam
             ... on level 7 of the Dungeon.
             The game lasted 00:22:24 (6495 turns).

Colgate the Covert (Naga Artificer)                 Turns: 6495, Time: 00:22:25

Health: 0/76       AC:  5    Str: 17    XL:     8   Next: 84%
Magic:  8/8        EV:  8    Int: 15    God:    Hepliaklqana [***...]
Gold:   109        SH:  0    Dex: 17    Spells: 7/7 levels left

rFire   . . .      SeeInvis +   w - +6 rapier of Execution {vorpal, Int+3}
rCold   . . .      Faith    .   (no shield)
rNeg    . . .      Spirit   .   f - +0 ring mail
rPois   +          Reflect  .   (no helmet)
rElec   .          Harm     .   (no cloak)
rCorr   .          Rampage  .   (no gloves)
Will    +....                   (no barding)
Stlth   ++++......              C - amulet of magic regeneration
HPRegen 0.22/turn               k - +6 ring of dexterity
MPRegen 0.51/turn               (no ring)

@: very slow
A: reduced essence, AC +2, large, see invisible, deformed body, poison
resistance, slowness 2, spit poison 1, naga tail 1
a: Spit Poison, Renounce Religion, Recall Ancestor, Ancestor Identity,
Transference


You were on level 7 of the Dungeon.
You worshipped Hepliaklqana.
Hepliaklqana was most pleased with you.
You visited 1 branch of the dungeon, and saw 7 of its levels.

You collected 346 gold pieces.
You spent 237 gold pieces at shops.

Inventory:

Hand Weapons
 w - the +6 rapier of Execution (weapon) {vorpal, Int+3}
   (You bought it in a shop on level 3 of the Dungeon)

   It inflicts extra damage upon your enemies.
   Int:       It affects your intelligence (+3).
 E - the +5 falchion of Iconoclasm {vorpal, *Rage rC- rCorr Int+6}
   (You found it on level 6 of the Dungeon)

   It inflicts extra damage upon your enemies.
   Int:       It affects your intelligence (+6).
   rC:        It makes you vulnerable to cold.
   *Rage:     It berserks you when you make melee attacks (+20% chance).
   rCorr:     It protects you from acid and corrosion.
 J - a +1 short sword of speed
Missiles
 a - a throwing net {!f}
 h - 11 javelins
 m - 14 poisoned darts
 x - 4 atropa-tipped darts
 F - a silver boomerang
Armour
 b - a +0 leather armour
 f - a +0 ring mail (worn)
 r - a +0 robe
 A - a +0 pair of gloves
 G - a +0 chain mail
Magical Staves
 y - a staff of fire
Jewellery
 k - a +6 ring of dexterity (left hand)
 C - an amulet of magic regeneration (around neck)
Wands
 c - a wand of flame (21)
 d - a wand of charming (15)
 e - a wand of iceblast (6) {@v2}
 I - a wand of acid (15) {@v1}
Scrolls
 g - 2 scrolls of torment {unknown}
 l - 3 scrolls of immolation {unknown}
 p - 3 scrolls of fear {unknown}
 s - a scroll of blinking {unknown}
 t - a scroll of brand weapon {unknown}
 u - 6 scrolls of teleportation {unknown}
 v - 2 scrolls of amnesia {unknown}
 z - a scroll of fog {unknown}
 L - a scroll of summoning {unknown}
Potions
 i - 3 potions of might {@q3}
 j - 3 potions of curing {@q1}
 n - a potion of brilliance
 o - 3 potions of heal wounds {@q2}
 q - a potion of lignification
 B - a potion of flight {unknown}
 D - a potion of haste {unknown}
 H - a potion of attraction {unknown}
 K - a potion of resistance {unknown}
 M - a potion of degeneration {unknown}


   Skills:
 + Level 9.0 Fighting
 - Level 2.1 Armour
 - Level 0.7 Dodging
 - Level 9.0 Stealth
 - Level 3.0 Evocations


You had 7 spell levels left.
You didn't know any spells.
Your spell library contained the following spells:

 Spells                   Type           Power      Damage    Failure   Level
 Summon Small Mammal      Summ           0%         N/A       43%         1
 Call Canine Familiar     Summ           0%         N/A       82%         3
 Confusing Touch          Hex            0%         N/A       82%         3
 Summon Guardian Golem    Hex/Summ       0%         N/A       82%         3
 Olgreb's Toxic Radiance  Pois           0%         N/A       99%         4
 Yara's Violent Unravell  Hex/Tmut       0%         3d3       100%        5
 Enfeeble                 Hex            0%         N/A       100%        7
 Ozocubu's Refrigeration  Ice            0%         4d5       100%        7
 Ignition                 Fire           0%         3d3       100%        8


Dungeon Overview and Level Annotations

Branches:
Dungeon (7/15)             Temple (0/1) D:6

Altars:
Gozag
Hepliaklqana
Kikubaaqudgha
Uskayaw

Shops:
D:3 (*   D:4 *


Innate Abilities, Weirdness & Mutations

Your life essence is reduced to manifest your ancestor. (-10% HP)
Your serpentine skin is tough. (AC +2)
You have supernaturally acute eyesight. (SInv)
Armour fits poorly on your strangely shaped body.
Your system is resistant to poisons. (rPois)
You cover ground very slowly.
You can spit poison.
You have a snake-like lower body.


Message History

You are too injured to fight recklessly!
You are too injured to fight recklessly!
You are too injured to fight recklessly!
You are too injured to fight recklessly!
You are too injured to fight recklessly!
You are too injured to fight recklessly!
You are too injured to fight recklessly!
You are too injured to fight recklessly!
You are too injured to fight recklessly!
You are too injured to fight recklessly!
You are too injured to fight recklessly!
You are too injured to fight recklessly!
You barely miss the kobold brigand. Your punch misses the kobold brigand.
The steam dragon bites you! The steam dragon claws you.
The kobold brigand hits you with a +0 short sword.
* * * LOW HITPOINT WARNING * * *
The kobold barely misses you.
You hit the kobold brigand.
Ur-Dumizida casts a spell at the kobold brigand.
The stone arrow hits the kobold brigand!
The kobold brigand dies!
The steam dragon bites you.
* * * LOW HITPOINT WARNING * * *
The steam dragon claws you but does no damage.
The kobold barely misses you.
The kobold throws a stone.
The stone hits you but does no damage.
Your Fighting skill increases to level 9!
Something hits Ur-Dumizida.
The steam dragon bites you.
* * * LOW HITPOINT WARNING * * *
The steam dragon claws you.
* * * LOW HITPOINT WARNING * * *
The kobold hits you but does no damage.
Ur-Dumizida closely misses the steam dragon.
Things that are here:
a +0 short sword; a curare-tipped dart; a kobold corpse You puncture the steam dragon!
Something closely misses Ur-Dumizida.
The kobold hits you but does no damage. The steam dragon breathes steam at you.
The ball of steam hits you!
You die...

### ##.### ###
##...#. #.. #......
#.# #..... #.#
##.### ####.###
#######.###
#KK@D..#
...........
#.##R#)#
#######.### #
#K#..# ##...##
..###.#### ##.....#
#.# ##...###..)....
#.
###..#.##........ #
.#......+........
##....#.##........
?...#.##<###.......


You could see the friendly Ur-Dumizida the battlemage, a steam dragon (catching
breath, ally target) and 2 kobolds.

Vanquished Creatures
  An orc warrior (D:6)
  2 black bears (D:5)
  A sky beast (D:5)
  A kobold brigand (D:5)
  A scorpion (D:6)
  An orc priest (D:6)
  A hound (D:5)
  An iguana (D:3)
  An orc wizard (D:6)
  4 gnolls (D:6)
  6 adders
  3 dart slugs
  4 orcs
  6 endoplasms
  3 giant cockroaches
  3 goblins (D:1)
  5 hobgoblins
  A quokka (D:4)
  7 ball pythons
  3 bats
  3 frilled lizards (D:1)
  17 kobolds
  3 rats
78 creatures vanquished.

Vanquished Creatures (collateral kills)
  Menkaure (D:4)
  A water moccasin (D:5)
  A black bear (D:6)
  An ogre (D:7)
  A phantom (D:4)
  A kobold brigand (D:7)
  2 scorpions (D:5)
  A hound (D:6)
  An iguana (D:4)
  2 gnolls (D:6)
  A shadow imp (D:7)
  A worm (D:4)
  A dart slug (D:5)
  10 kobolds (D:5)
25 creatures vanquished.

Vanquished Creatures (others)
  A battlemage (D:6)
  An ancestor (D:3)
  3 kobolds
  10 plants (D:5)
15 creatures vanquished.

Grand Total: 118 creatures vanquished

Notes
Turn   | Place    | Note
-------+----------+-------------------------------------------
     0 | D:1      | Colgate the Naga Artificer began the quest for the Orb.
     0 | D:1      | Reached XP level 1. HP: 18/18 MP: 1/1
   245 | D:1      | Reached XP level 2. HP: 25/25 MP: 2/2
  1007 | D:1      | Reached XP level 3. HP: 31/31 MP: 3/3
  1124 | D:2      | Found a hazy altar of Hepliaklqana.
  1132 | D:2      | Became a worshipper of Hepliaklqana the Forgotten
  1245 | D:2      | Reached skill level 5 in Stealth
  1647 | D:3      | Reached XP level 4. HP: 38/38 MP: 4/4
  1713 | D:3      | Reached * piety under Hepliaklqana
  1725 | D:3      | Noticed a +0 short sword
  1725 | D:3      | Noticed a +0 short sword
  1726 | D:3      | Noticed a +0 dagger
  1728 | D:3      | Noticed a +0 dagger
  1729 | D:3      | Noticed a +0 spear
  1729 | D:3      | Noticed a +0 falchion
  1729 | D:3      | Noticed a +0 spear
  1729 | D:3      | Noticed a +0 falchion
  1731 | D:3      | Found a hide-covered altar of Uskayaw.
  1886 | D:3      | Found an opulent altar of Gozag.
  1891 | D:3      | Found Gozag's Platinum Reserve.
  2372 | D:3      | Found Qocex's Antique Weapon Boutique.
  2932 | D:3      | Bought a fine rapier for 180 gold pieces
  2932 | D:3      | Identified the +6 rapier of Execution {vorpal, Int+3} (You
                  | bought it in a shop on level 3 of the Dungeon)
  3165 | D:4      | Reached XP level 5. HP: 39/39 MP: 5/5
  3209 | D:4      | Noticed a phantom
  3216 | D:4      | Killed a phantom
  3235 | D:4      | Reached XP level 6. HP: 45/45 MP: 6/6
  3255 | D:4      | Found Dygozoihue's Assorted Antiques.
  3442 | D:4      | You fall into a shaft and drop 3 floors!
  3508 | D:7      | Reached ** piety under Hepliaklqana
  3509 | D:7      | Remembered your ancestor Ur-Dumizida as a battlemage
  3634 | D:6      | Noticed a black bear
  3639 | D:6      | Killed a black bear
  3774 | D:6      | Identified the +5 falchion of Iconoclasm {vorpal, *Rage rC-
                  | rCorr Int+6}
  3797 | D:6      | Noticed an orc warrior
  3808 | D:6      | Killed an orc warrior
  3809 | D:6      | Reached XP level 7. HP: 43/59 MP: 7/7
  4037 | D:5      | Entered Level 5 of the Dungeon
  4039 | D:5      | Reached skill level 5 in Fighting
  4518 | D:4      | Noticed Menkaure
  4520 | D:4      | Reached XP level 8. HP: 68/68 MP: 8/8
  4523 | D:4      | Killed Menkaure
  4563 | D:4      | Bought a murky coppery potion for 27 gold pieces
  4563 | D:4      | Bought a scroll labelled ZAOCAS XAHIAT for 30 gold pieces
  4904 | D:4      | Found an ancient bone altar of Kikubaaqudgha.
  5324 | D:5      | Reached *** piety under Hepliaklqana
  6008 | D:6      | Found a staircase to the Ecumenical Temple.
  6495 | D:7      | Killed from afar by a steam dragon

Illustrated notes

Levels and vault maps discovered:
D:1:      minmay_arrival_loop, layout_loops_ring, minmay_misc_feat_ornament,
          nicolae_figureground_pulse
D:2:      layout_basic, basic_altar
D:3:      layout_basic, nicolae_gozag_zags_fifth_avenue,
          nicolae_overflow_hidden_temple, nicolae_uskayaw_en_pointe,
          serial_shops, shop
D:4:      layout_gridville, mainiacjoe_overflow_surrounded_room, serial_shops,
          shop_statue, uniq_menkaure
D:5:      kennysheep_kobold_camp, layout_loops_ring
D:6:      layout_basic, minmay_temple_entry_sparse_star
D:7:      layout_loops_corners, kennysheep_mini_moat,
          worldfamousw_hep_ancestral_shrine, serial_shops,
          nicolae_shop_hallway_plus

Skill      XL: |  1  2  3  4  5  6  7  8 |
---------------+-------------------------+-----
Stealth        | 3 4 6 7 9 |  9.0
Fighting       | 4 6 9 |  9.0
Armour         | 2 |  2.1
Dodging        | |  0.7
Evocations     | |  3.0

Action                   |  1- 3 |  4- 6 |  7- 9 || total
-------------------------+-------+-------+-------++-------
Melee: Mace              |    20 |     3 |       ||    23
       Short sword       |     2 |       |       ||     2
       Rapier            |       |     7 |    47 ||    54
Invok: Recall Ancestor   |       |     1 |       ||     1
       Ancestor Life: Ba |       |     1 |       ||     1
 Abil: Spit Poison       |    38 |    29 |    15 ||    82
Evoke: Wand              |       |     7 |       ||     7
  Use: Scroll            |     7 |     1 |     1 ||     9
 Stab: Sleeping          |       |       |     4 ||     4
Armor: Leather armour    |     1 |       |       ||     1
       Ring mail         |       |     5 |    16 ||    21
       Robe              |       |     2 |       ||     2
Dodge: Dodged            |     9 |     3 |    21 ||    33

Table legend: (Time is in decaauts)
 A = Elapsed time spent in this place.
 B = Non-inter-level travel time spent in this place.
 C = Inter-level travel time spent in this place.
 D = Time resting spent in this place.
 E = Time spent auto-exploring this place.
 F = Levels seen in this place.
 G = Mean time per level.
                   A        B        C        D        E       F      G
               +--------+--------+--------+--------+--------+-----+--------+
         Total |   8492 |   7465 |   1027 |     69 |   6287 |   7 | 1213.1 |
       Dungeon |   8492 |   7465 |   1027 |     69 |   6287 |   7 | 1213.1 |
               +--------+--------+--------+--------+--------+-----+--------+

Top non-repeatable levels by time:
     D:3: 1754 daAuts
     D:4: 1684 daAuts
     D:1: 1401 daAuts
     D:5: 1361 daAuts
     D:6: 943 daAuts
     D:2: 781 daAuts
     D:7: 565 daAuts
